 Dungeon Crawl Stone Soup version 0.20.0-15-g7f486f2 (webtiles) character file.

79 Phantomfrettchen the Skirmisher (level 4, -1/35 HPs)
             Began as a Demonspawn Chaos Knight on June 20, 2017.
             Succumbed to poison (poison gas)
             ... on level 2 of the Dungeon.
             The game lasted 00:06:17 (1843 turns).

Phantomfrettchen the Skirmisher (DsCK)              Turns: 1843, Time: 00:06:17

Health: -1/35      AC:  6    Str: 14    XL:     4   Next: 17%
Magic:  4/4        EV: 12    Int: 14    God:    Xom [...*..]
Gold:   91         SH:  0    Dex: 13    Spells: 3/3 levels left

rFire    . . .     SeeInvis .   u - +0 hunting sling (flame)
rCold    . . .     Gourm    .   (no shield)
rNeg     . . .     Faith    .   a - +2 leather armour
rPois    .         Spirit   .   (no helmet)
rElec    .         Reflect  .   (no cloak)
rCorr    .         Harm     .   h - +0 pair of gloves
MR       .....                  (no boots)
Stlth    +.........             (no amulet)
Regen    0.2/turn               (no ring)
MPRegen  0.1/turn               (no ring)

@: lethally poisoned (-1 -> -50)
A: powered by pain 1, strong 1, evolution 2
a: Renounce Religion


You were on level 2 of the Dungeon.
You worshipped Xom.
You were a favourite toy of Xom.
You were not hungry.

You visited 1 branch of the dungeon, and saw 2 of its levels.

You collected 91 gold pieces.

Inventory:

Hand Weapons
 u - a +0 hunting sling of flaming (weapon)
Missiles
 f - 25 poisoned needles
 m - 9 tomahawks
 v - 42 stones (quivered)
Armour
 a - a +2 leather armour (worn)
 h - a +0 pair of gloves (worn)
Scrolls
 c - 3 scrolls of teleportation {unknown}
 d - a scroll of immolation {unknown}
 e - 5 scrolls of identify {unknown}
 l - a scroll of recharging {unknown}
 o - a scroll of random uselessness {unknown}
 r - a scroll of magic mapping {unknown}
 s - a scroll of fog {unknown}
 t - a scroll of enchant armour {unknown}
Potions
 i - 2 potions of mutation {unknown}
 k - a potion of cancellation {unknown}
 n - a potion of degeneration {unknown}
 p - a potion of ambrosia {unknown}
 q - a potion of brilliance {unknown}
Comestibles
 b - a bread ration
 g - 2 fruits
 j - 2 royal jellies


   Skills:
 - Level 3.4 Fighting
 * Level 0.3(0.4) Slings
 - Level 0.3(0.4) Throwing
 - Level 2.5 Armour
 - Level 2.0 Dodging
 - Level 3.1 Unarmed Combat


You had 3 spell levels left.
You didn't know any spells.

Dungeon Overview and Level Annotations

Branches:
Dungeon (2/15)

Altars:


Innate Abilities, Weirdness & Mutations

You sometimes gain a little power by taking damage.
Your muscles are strong. (Str +2)
You rapidly evolve.


Message History

You hear Xom's maniacal laughter.
Venomous gases pour from your ears!
You are now a favourite toy of Xom.
The hobgoblin is poisoned.
The hobgoblin completely misses you.
You completely miss the hobgoblin.
You are engulfed in poison gas.
You are poisoned.
You feel very sick.
The hobgoblin is engulfed in poison gas.
The hobgoblin looks even sicker.
The hobgoblin dies!
You are engulfed in poison gas.
You are lethally poisoned!
You feel sick.
Things that are here:
a club; a stone You are engulfed in poison gas.
You are more poisoned.
* * * LOW HITPOINT WARNING * * *
x2 You feel very sick.
You die...
Xom chuckles heartily!

##.#..##.# #.# #..#
#.#..##.# #.# #..#
#.#..##.# #.# #..#
#.#.....# #.##
#########..#
#.#.##### #..
...........# #.#.# #
#.. .........#.#
..#.#
#.##§###########.#.#
#.# #.##...§§§§#
#.#.# #.#
#...$..@##§# #.#.##
#.##############§#
#.#...
#...............§#
#<####
################.#
#..... #.# #.####
### ###


There were no monsters in sight!

Vanquished Creatures
  6 oozes
  2 dart slugs (D:1)
  2 leopard geckos (D:2)
  3 giant cockroaches
  5 hobgoblins
  2 jackals (D:2)
  5 kobolds
  A quokka (D:2)
  3 bats (D:1)
  4 frilled lizards
  8 goblins
  6 rats
47 creatures vanquished.

Vanquished Creatures (others)
  A hobgoblin (D:2)
1 creature vanquished.

Grand Total: 48 creatures vanquished

Notes
Turn   | Place    | Note
-------+----------+-------------------------------------------
     0 | D:1      | Phantomfrettchen the Demonspawn Chaos Knight began the quest for the Orb.
     0 | D:1      | Reached XP level 1. HP: 18/18 MP: 1/1
    28 | D:1      | XOM: divination: detect creatures
    30 | D:1      | XOM: potion effect (haste)
   180 | D:1      | XOM: butterfly on damage
   262 | D:1      | Gained mutation: You sometimes gain a little power by taking damage. [demonic ancestry]
   262 | D:1      | Reached XP level 2. HP: 13/24 MP: 2/2
   545 | D:1      | Reached skill level 1 in Dodging
   545 | D:1      | Reached XP level 3. HP: 26/29 MP: 3/3
   582 | D:1      | XOM: harmless Necr miscast
   727 | D:1      | XOM: divination: magic mapping
   872 | D:2      | Found a faded altar of an unknown god.
   896 | D:2      | XOM: give mutations
   896 | D:2      | Gained mutation: Your muscles are strong. (Str +2) [Xom's grace]
   896 | D:2      | Gained mutation: You evolve. [Xom's grace]
   896 | D:2      | Gained mutation: You rapidly evolve. [Xom's grace]
   917 | D:2      | XOM: smoke on damage
  1279 | D:2      | Reached XP level 4. HP: 34/35 MP: 4/4
  1356 | D:2      | XOM: harmless Ice miscast
  1802 | D:2      | XOM: cloud trail
  1839 | D:2      | XOM is BORED!
  1839 | D:2      | XOM: medium Air miscast
  1843 | D:2      | Succumbed to poison (poison gas)

Skill      XL: |  1  2  3  4 |
---------------+-------------+-----
Unarmed Combat | 3 |  3.1
Armour         | 2 |  2.5
Dodging        | 1 2 |  2.0
Fighting       | |  3.4
Slings         | |  0.3
Throwing       | |  0.3

Action                   |  1- 3 |  4- 6 || total
-------------------------+-------+-------++-------
Melee: Unarmed           |   155 |    18 ||   173
       Punch             |     1 |       ||     1
       Hunting sling     |       |    11 ||    11
 Fire: Hunting sling     |       |    10 ||    10
Throw: Tomahawk          |    20 |       ||    20
  Eat: Chunk             |     1 |     2 ||     3
Armor: Leather armour    |    60 |    13 ||    73
Dodge: Dodged            |   102 |    19 ||   121
